 Dungeon Crawl Stone Soup version 0.31.0-4-g52a2dc7128 (webtiles) character file.

Game seed: 14343621936650967876

1961 MisterFreud the Destroyer (level 9, 0/68 HPs)
             Began as a Demonspawn Conjurer on Jan 22, 2024.
             Slain by a water moccasin (2 damage)
             ... on level 6 of the Dungeon.
             The game lasted 00:11:08 (5676 turns).

MisterFreud the Destroyer (Demonspawn Conjurer)     Turns: 5676, Time: 00:11:09

Health: 0/68       AC:  6    Str:  8    XL:     9   Next: 0%
Magic:  6/16       EV: 13    Int: 22    God:
Gold:   249        SH:  5    Dex: 18    Spells: 15/18 levels left

rFire   . . .        A - +3 dagger
rCold   . . .        o - orb {light}
rNeg    . . .        a - +0 robe
rPois   .            (no helmet)
rElec   .            (no cloak)
rCorr   .            (no gloves)
SInv    .            m - +2 pair of boots
Will    .....        h - amulet of reflection
Stlth   +            u - +6 ring of dexterity
HPRegen 0.31/turn    (no ring)
MPRegen 0.15/turn

%: reflection
@: lethally poisoned (0 -> -10), glowing
A: hooves 1, powered by death 2, sharp scales 1, demonic magic 1
a: no special abilities


You were on level 6 of the Dungeon.
You visited 1 branch of the dungeon, and saw 6 of its levels.

You collected 249 gold pieces.

Inventory:

Hand Weapons
 d - a +0 mace
 r - a +0 dagger
 A - a +3 dagger (weapon)
Missiles
 c - a throwing net
 y - 2 javelins
 F - 3 boomerangs
Armour
 a - a +0 robe (worn)
 m - a +2 pair of boots (worn)
 o - an orb of light (worn)
Jewellery
 e - an amulet of regeneration
 h - an amulet of reflection (around neck)
 u - a +6 ring of dexterity (left hand)
 v - a ring of fire
 E - a ring of resist corrosion
Talismans
 k - a blade talisman
 B - a serpent talisman
Wands
 z - a wand of polymorph (8)
Scrolls
 f - 5 scrolls of identify
 g - 3 scrolls of teleportation
 l - a scroll of immolation {unknown}
 p - a scroll of acquirement {unknown}
 s - a scroll of amnesia
 C - a scroll of poison {unknown}
Potions
 b - a potion of magic
 i - a potion of heal wounds
 j - a potion of berserk rage {unknown}
 n - 5 potions of curing {unknown}
 q - a potion of haste {unknown}
 t - 3 potions of mutation {unknown}
 w - a potion of lignification {unknown}
 x - a potion of enlightenment {unknown}
 D - a potion of degeneration {unknown}


   Skills:
 - Level 5.0 Fighting
 - Level 5.0 Short Blades
 + Level 2.8 Dodging
 - Level 1.7 Stealth
 - Level 5.0 Spellcasting
 - Level 8.0 Conjurations


You had 15 spell levels left.
You knew the following spells:

 Your Spells              Type           Power      Damage    Failure   Level
a - Magic Dart            Conj           100%       1d8       1%          1
b - Searing Ray           Conj           80%        2d7       1%          2

Your spell library contained the following spells:

 Spells                   Type           Power      Damage    Failure   Level
 Fulminant Prism          Conj/Alch      11%        3d8       19%         4
 Iskenderun's Mystic Bla  Conj/Tloc      23%        2d6       19%         4
 Gell's Gravitas          Tloc           5%         N/A       30%         3
 Teleport Other           Tloc           5%         N/A       30%         3
 Dispersal                Tloc           2%         N/A       100%        6


Dungeon Overview and Level Annotations

Branches:
Dungeon (6/15)
 Temple: D:4-7

Altars:
Fedhas

Shops:
D:1 :

Annotations:
D:6 1 runed translucent door, Crazy Yiuf, Menkaure


Innate Abilities, Weirdness & Mutations

You have large cloven feet.
You regenerate health from kills.
You are partially covered in razor-sharp scales. (AC +1, Slay +1)
Spells you cast may paralyse adjacent enemies.


Message History

You kill the scorpion!
The searing ray hits the orc.
The orc is heavily wounded.
You feel very sick.
The searing ray hits the orc!
You kill the orc!
The searing ray misses the water moccasin.
You feel very sick.
An adder comes into view.
You have reached level 9!
Your experience leads to an increase in your attributes!
Your base attributes are Str 8, Int 20, Dex 12.
Increase (S)trength, (I)ntelligence, or (D)exterity?
You feel clever. x2; Your demonic ancestry asserts itself...
A menacing aura infuses your magic.
Unknown command.
Unknown command.
The searing ray hits the hound.
The hound is heavily wounded.
The searing ray hits the orc!
You kill the orc!
You finish channelling your searing ray.
You feel sick. The hound barely misses you.
You feel sick. The hound misses you. The hound barely misses you.
You feel sick. The water moccasin bites you.
* * * LOW HITPOINT WARNING * * *
You are lethally poisoned!
The water moccasin poisons you! The hound barely misses you.
The water moccasin bites you but does no damage.
* * * LOW HITPOINT WARNING * * *
You feel very sick. The hound bites you.
* * * LOW HITPOINT WARNING * * *
The water moccasin bites you.
* * * LOW HITPOINT WARNING * * *
The hound closely misses you.
* * * LOW HITPOINT WARNING * * *
You feel very sick. The water moccasin bites you.
You die...

. .. ...# ##.. #.#
#. #.. #.# .... #.
#.# #. #..S#. #s# #
#.....##)# #...o.#
##.##S########## #.
#sh........# ..
##S@.....#.# #..
#######...#########
... ###.))))))...
#### #.#########
###....# #[...#
#<...# ## ###
♣♣##....###.
#)..#♣♣
♣♣.........#.


You could see a water moccasin, a scorpion, a hound, an adder and an orc.

Vanquished Creatures
  Grinder (D:6)
  Eustachio (D:4)
  Duvessa (D:5)
  Edmund (D:6)
  A water moccasin (D:6)
  A sky beast (D:6)
  A black bear (D:4)
  2 ogres (D:5)
  A centaur (D:6)
  A phantom (D:4)
  A bullfrog (D:4)
  2 scorpions
  3 wights (D:5)
  Dowan (D:5)
  3 bombardier beetles
  A hound (D:4)
  An orc priest (D:3)
  A sleepcap (D:6)
  An orc wizard (D:3)
  8 adders
  7 gnolls
  2 ribbon worms
  16 orcs
  5 endoplasms
  2 giant cockroaches
  3 goblins
  3 hobgoblins
  4 jackals (D:1)
  3 quokkas
  4 ball pythons
  3 bats
  4 frilled lizards
  6 kobolds
  2 rats
97 creatures vanquished.

Notes
Turn   | Place    | Note
-------+----------+-------------------------------------------
     0 | D:1      | MisterFreud the Demonspawn Conjurer began the quest for the
                  | Orb.
     0 | D:1      | Reached XP level 1. HP: 13/13 MP: 3/3
   320 | D:1      | Found Aveakluk's Book Shop.
   473 | D:1      | Gained mutation: You regenerate a little health from kills.
                  | [demonic ancestry]
   473 | D:1      | Reached XP level 2. HP: 19/19 MP: 0/5
   759 | D:1      | Found a faded altar of an unknown god.
  1077 | D:3      | Reached skill level 5 in Conjurations
  1077 | D:3      | Reached XP level 3. HP: 21/24 MP: 1/6
  1288 | D:4      | Learned a level 2 spell: Searing Ray
  1321 | D:3      | Reached XP level 4. HP: 29/30 MP: 1/7
  1476 | D:3      | Reached skill level 6 in Conjurations
  1876 | D:2      | Gained mutation: You have large cloven feet. [demonic
                  | ancestry]
  1876 | D:2      | Reached XP level 5. HP: 11/35 MP: 2/8
  2779 | D:4      | Noticed a phantom
  2785 | D:4      | Killed a phantom
  2786 | D:4      | Reached skill level 7 in Conjurations
  2786 | D:4      | Gained mutation: You regenerate health from kills. [demonic
                  | ancestry]
  2786 | D:4      | Reached XP level 6. HP: 41/41 MP: 2/9
  3022 | D:4      | Reached skill level 8 in Conjurations
  3022 | D:4      | Reached skill level 1 in Fighting
  3308 | D:4      | Noticed Eustachio
  3782 | D:4      | Killed Eustachio
  3783 | D:4      | Reached XP level 7. HP: 29/53 MP: 0/10
  3884 | D:4      | Found a blossoming altar of Fedhas.
  3961 | D:5      | Entered Level 5 of the Dungeon
  4219 | D:5      | Reached skill level 5 in Fighting
  4290 | D:5      | Reached skill level 1 in Short Blades
  4538 | D:5      | Gained mutation: You are partially covered in razor-sharp
                  | scales. (AC +1, Slay +1) [demonic ancestry]
  4538 | D:5      | Reached XP level 8. HP: 62/62 MP: 4/11
  4540 | D:5      | Noticed Duvessa
  4648 | D:5      | Noticed Dowan
  4845 | D:5      | Killed Duvessa
  5025 | D:5      | Killed Dowan
  5151 | D:6      | Noticed Grinder
  5182 | D:6      | Killed Grinder
  5183 | D:6      | Reached skill level 5 in Short Blades
  5450 | D:6      | Found a runed translucent door.
  5451 | D:6      | Noticed Crazy Yiuf
  5453 | D:6      | Noticed Menkaure
  5478 | D:6      | Noticed Edmund
  5492 | D:6      | Killed Edmund
  5662 | D:6      | Reached skill level 5 in Spellcasting
  5672 | D:6      | Gained mutation: Spells you cast may paralyse adjacent
                  | enemies. [demonic ancestry]
  5672 | D:6      | Reached XP level 9. HP: 18/68 MP: 6/16
  5676 | D:6      | HP: 2/68 [poisoned by a water moccasin]
  5676 | D:6      | Slain by a water moccasin

Illustrated notes

Levels and vault maps discovered:
D:1:      psy_arrival_wood_between_worlds, layout_basic, serial_shops, shop,
          hellmonk_ecumenical_altar_arch_garden
D:2:      layout_basic
D:3:      layout_basic, gup_sewer_entry_glass, minmay_misc_feat_room
D:4:      layout_basic, fedhas_altar_decomposition, hangedman_decor_peaks_small,
          uniq_eustachio
D:5:      layout_rooms, uniq_duvessa
D:6:      layout_basic, minmay_temple_entry_poolview, minmay_fractal_squares_5,
          uniq_edmund, uniq_grinder, uniq_crazy_yiuf_cottage, uniq_jeremiah,
          uniq_menkaure

Skill      XL: |  1  2  3  4  5  6  7  8 |
---------------+-------------------------+-----
Conjurations   | 5 6 7 8 |  8.0
Fighting       | 3 5 |  5.0
Short Blades   | 2 5 |  5.0
Spellcasting   | 5 |  5.0
Dodging        | 2 |  2.8
Stealth        | |  1.7

Action                     |  1- 3 |  4- 6 |  7- 9 || total
---------------------------+-------+-------+-------++-------
  Melee: Mace              |    14 |     2 |       ||    16
         Dagger            |       |    79 |    59 ||   138
   Cast: Magic Dart        |    28 |    96 |    37 ||   161
         Searing Ray       |     1 |     8 |    19 ||    28
    Use: Scroll            |       |     5 |       ||     5
         Potion            |       |     3 |     1 ||     4
   Stab: Sleeping          |       |     1 |     1 ||     2
 Armour: Robe              |    10 |   128 |    63 ||   201
  Dodge: Dodged            |    19 |   146 |    77 ||   242
